 Dungeon Crawl Stone Soup version 0.20.0-15-g7f486f2 (webtiles) character file.

10647 kestaa the Carver (level 11, 0/95 HPs)
             Began as a Minotaur Fighter on June 17, 2017.
             Was an Elder of Makhleb.
             Killed from afar by an orc wizard (5 damage)
             ... with a puff of frost
             ... on level 1 of the Orcish Mines on June 18, 2017.
             The game lasted 01:15:48 (8514 turns).

kestaa the Carver (Minotaur Fighter)                Turns: 8514, Time: 01:15:48

Health: 0/95       AC: 17    Str: 22    XL:     11   Next: 38%
Magic:  10/10      EV: 10    Int:  5    God:    Makhleb [****..]
Gold:   328        SH: 19    Dex: 12    Spells: 6/10 levels left

rFire    . . .     SeeInvis .   a - +2 falchion (protect)
rCold    . . .     Gourm    .   c - +2 shield
rNeg     . . .     Faith    .   y - -2 chain mail (curse)
rPois    +         Spirit   .   (helmet unavailable)
rElec    .         Reflect  .   (no cloak)
rCorr    .         Harm     .   T - +0 pair of gloves
MR       .....                  (no boots)
Stlth    ..........             (no amulet)
Regen    0.3/turn               p - ring of stealth
MPRegen  0.2/turn               C - ring of poison resistance

@: protection aura
A: retaliatory headbutt, horns 3, large bone plates 1
a: Minor Destruction, Lesser Servant of Makhleb, Major Destruction, Renounce
Religion


You were on level 1 of the Orcish Mines.
You worshipped Makhleb.
Makhleb was greatly pleased with you.
You were not hungry.

You visited 3 branches of the dungeon, and saw 12 of its levels.

You collected 537 gold pieces.
You spent 209 gold pieces at shops.

Inventory:

Hand Weapons
 a - a +2 falchion of protection (weapon)
 b - a +0 flail of holy wrath
 f - a +4 flail
 h - a cursed -3 mace
 l - a +5 trident
 r - a +0 shortbow
 v - a +1 short sword of holy wrath
 M - a +1 dagger of venom
 S - a +2 hand axe of holy wrath
 U - the +8 longbow "Zephyr" {speed, Dex+3 SInv}
   (You found it on level 9 of the Dungeon)

   Attacks with this weapon are significantly faster.
   It affects your dexterity (+3).
   It lets you see invisible.
 Y - a cursed -2 battleaxe
Missiles
 q - 17 poisoned needles
 s - 122 arrows
 z - 3 tomahawks (quivered)
Armour
 c - a +2 shield (worn)
 w - a +0 troll leather armour
 y - a cursed -2 chain mail (worn)
 D - a +0 scale mail of cold resistance
 K - a +0 plate armour
 T - a +0 pair of gloves (worn)
 W - a +3 scale mail
Magical Staves
 j - an uncursed staff of cold
 H - an uncursed staff of power
Jewellery
 p - a ring of stealth (left hand)
 C - a ring of poison resistance (right hand)
Wands
 o - a wand of confusion (26/48)
 A - a wand of iceblast (6/15)
 G - a wand of random effects (16/48)
 J - a wand of disintegration (5/24)
 X - a wand of lightning (8/15)
Scrolls
 k - a scroll of fog {unknown}
 n - a scroll of recharging {unknown}
 t - 5 scrolls of identify
 u - a scroll of magic mapping
 B - 2 scrolls of teleportation
 L - a scroll of enchant weapon {unknown}
 O - a scroll of fear
 V - a scroll of blinking {unknown}
Potions
 d - a potion of degeneration
 e - a potion of lignification
 g - 2 potions of brilliance
 F - 3 potions of mutation {unknown}
 N - a potion of curing
 P - a potion of haste
 Q - a potion of heal wounds
 R - a potion of might
Books
 I - a book of Frost

   Spells                             Type                      Level
   a - Freeze                         Ice                          1
   b - Throw Frost                    Conjuration/Ice              2
   c - Ozocubu's Armour               Charms/Ice                   3
   d - Throw Icicle                   Conjuration/Ice              4
   e - Summon Ice Beast               Ice/Summoning                4
Comestibles
 i - 3 bread rations
 m - 3 royal jellies
 x - 5 meat rations
 E - 7 fruits


   Skills:
 + Level 8.3 Fighting
 + Level 12.4 Long Blades
 + Level 1.4 Maces & Flails
 + Level 8.7 Armour
 + Level 5.3 Dodging
 + Level 3.4 Stealth
 + Level 11.8 Shields
 + Level 0.2 Invocations


You had 6 spell levels left.
You knew the following spells:

 Your Spells              Type           Power        Failure   Level  Hunger
a - Throw Icicle          Conj/Ice       #.......     100%        4    #####..


Dungeon Overview and Level Annotations

Branches:
Dungeon (9/15)             Temple (1/1) D:4             Orc (2/2) D:9
   Lair: D:8-11         Elf: Orc:2

Altars:
Ashenzari
Cheibriados
Dithmenos
Elyvilon
Fedhas
Gozag
Hepliaklqana
Kikubaaqudgha
Makhleb
Nemelex Xobeh
Okawaru
Qazlal
Ru
Sif Muna
Trog
Vehumet
Xom
Yredelemnul
Zin
The Shining One
Beogh

Shops:
D:5 [   D:8 !


Innate Abilities, Weirdness & Mutations

You reflexively headbutt those who attack you in melee.
You have a pair of large horns on your head.
You are partially covered in large bone plates. (SH +4)


Message History

The orc priest begins to cast a cantrip, but forgets the words!
You hit the orc priest but do no damage.
The orc priest is almost dead.
You block the orc priest's attack.
The orc wizard hits you but does no damage.
The orc priest calls upon Beogh to heal the orc priest.
The orc priest is healed somewhat.
The orc priest hits you but does no damage.
The orc priest invokes the aid of Beogh against you.
Beogh smites you!
* * * LOW HITPOINT WARNING * * *
You climb upwards.
There is a stone staircase leading down, spattered with blood here.
You see here a giant club.
Unknown command.
You hit the orc priest.
The orc priest is severely wounded.
The orc wizard gestures at you while chanting.
The puff of frost hits you!
You die...

#...#.### ##.#....##
#........########
##.........#...#.##
#.........#.......##
##...............#.##
#..................#
##.#..[o[.........##
####.<@o........##
##.[[%[........##
###...............#
##..............#.##
#................##
##.#.........##.##
######.....#####
#....#######
##...####.#.##


You could see an orc priest and an orc wizard.

Vanquished Creatures
  4 two-headed ogres
  The ghost of letownia the Grappler, a journeyman VSFi of Gozag (D:9)
  Pikel (D:7)
  3 trolls (D:9)
  Grinder (D:4)
  2 hippogriffs (D:8)
  A spriggan (D:8)
  A hungry ghost (D:9)
  4 wargs
  2 water moccasins
  8 orc warriors
  An eye of draining (D:8)
  3 ice beasts
  4 sky beasts
  2 phantoms
  4 centaurs
  A necrophage (D:8)
  6 ogres
  2 bullfrogs
  5 scorpions
  4 killer bees (D:8)
  3 wights (D:9)
  A howler monkey (D:9)
  2 crimson imps (D:8)
  2 bullfrog zombies (D:7)
  2 bullfrog skeletons
  2 hounds (D:4)
  A centaur skeleton (D:4)
  5 orc priests
  3 jellies
  4 iguanas
  9 orc wizards
  6 worker ants
  Natasha (thrice) (D:4)
  A hound zombie (D:5)
  A hound skeleton (D:7)
  8 adders
  4 shadow imps
  A worm (D:2)
  8 leopard geckos
  42 orcs
  2 giant cockroaches
  4 hobgoblins
  12 jackals
  A quokka (D:6)
  A ball python (D:6)
  A ball python skeleton (D:4)
  2 bats
  A frilled lizard (D:1)
  5 goblins
  A jackal skeleton (D:3)
  3 kobolds
  A quokka zombie (D:8)
  3 rats
205 creatures vanquished.

Vanquished Creatures (collateral kills)
  A warg (Orc:1)
  An orc warrior (Orc:1)
2 creatures vanquished.

Vanquished Creatures (others)
  Joseph (D:7)
  A slave (D:7)
  2 orcs (D:7)
4 creatures vanquished.

Grand Total: 211 creatures vanquished

Notes
Turn   | Place    | Note
-------+----------+-------------------------------------------
     0 | D:1      | kestaa the Minotaur Fighter began the quest for the Orb.
     0 | D:1      | Reached XP level 1. HP: 19/19 MP: 0/0
   561 | D:1      | Reached XP level 2. HP: 27/27 MP: 1/1
   807 | D:2      | Reached XP level 3. HP: 33/33 MP: 2/2
  1301 | D:2      | Reached skill level 3 in Long Blades
  1301 | D:2      | Reached XP level 4. HP: 14/41 MP: 3/3
  1707 | D:3      | You fall through a shaft for 2 floors!
  1707 | D:5      | Entered Level 5 of the Dungeon
  1738 | D:5      | Noticed an orc warrior
  1747 | D:5      | Killed an orc warrior
  1747 | D:5      | Reached skill level 4 in Long Blades
  1747 | D:5      | Reached XP level 5. HP: 47/47 MP: 4/4
  1891 | D:5      | Reached skill level 5 in Shields
  1937 | D:5      | Noticed a sky beast
  1939 | D:5      | Found Waz Kikiorgh's Armour Shop.
  1950 | D:5      | Killed a sky beast
  1950 | D:5      | Reached skill level 5 in Armour
  1950 | D:5      | Reached XP level 6. HP: 37/55 MP: 5/5
  1994 | D:5      | Noticed a water moccasin
  2018 | D:5      | Killed a water moccasin
  2018 | D:5      | Reached skill level 5 in Fighting
  2018 | D:5      | Reached skill level 5 in Long Blades
  2383 | D:5      | Reached XP level 7. HP: 58/61 MP: 6/6
  2439 | D:5      | Reached skill level 1 in Maces & Flails
  2439 | D:5      | Reached skill level 1 in Dodging
  2474 | D:5      | Reached skill level 6 in Long Blades
  2581 | D:4      | Found a staircase to the Ecumenical Temple.
  2590 | Temple   | Entered the Ecumenical Temple
  2740 | Temple   | Became a worshipper of Makhleb the Destroyer
  2763 | D:4      | Noticed Natasha
  2777 | D:4      | Killed Natasha
  3068 | D:4      | Reached XP level 8. HP: 47/69 MP: 7/7
  3073 | D:4      | Reached skill level 1 in Stealth
  3098 | D:4      | Noticed Natasha
  3120 | D:4      | Killed Natasha
  3132 | D:4      | Noticed Grinder
  3146 | D:4      | Paralysed by Grinder for 2 turns
  3157 | D:4      | Killed Grinder
  3304 | D:4      | Reached skill level 7 in Long Blades
  3316 | D:4      | Reached * piety under Makhleb
  3550 | D:4      | Noticed Natasha
  3563 | D:4      | Killed Natasha
  3769 | D:6      | Reached skill level 8 in Long Blades
  4011 | D:6      | Found a radiant altar of Vehumet.
  4127 | D:6      | Reached XP level 9. HP: 75/75 MP: 8/8
  4537 | D:7      | Reached skill level 9 in Long Blades
  4660 | D:7      | Noticed Pikel
  4687 | D:7      | Noticed Joseph
  4698 | D:7      | Killed Pikel
  4698 | D:7      | Reached ** piety under Makhleb
  4710 | D:7      | Killed Joseph
  5007 | D:7      | Learned a level 4 spell: Throw Icicle
  5094 | D:7      | Found an iron altar of Okawaru.
  5344 | D:8      | Reached skill level 10 in Long Blades
  5656 | D:8      | Noticed a two-headed ogre
  5671 | D:8      | Killed a two-headed ogre
  5671 | D:8      | Reached XP level 10. HP: 26/86 MP: 9/9
  6153 | D:8      | Reached skill level 11 in Long Blades
  6355 | D:8      | Found Oxkoture's Distillery.
  6358 | D:8      | Bought a potion of haste for 110 gold pieces
  6358 | D:8      | Bought a potion of heal wounds for 55 gold pieces
  6358 | D:8      | Bought a potion of might for 44 gold pieces
  6513 | D:8      | Gained mutation: You are partially covered in large bone plates. (SH +4) [mutagenic meat]
  6514 | D:8      | Gained mutation: You have a pair of large horns on your head. [mutagenic meat]
  6588 | D:8      | Noticed a two-headed ogre
  6602 | D:8      | Killed a two-headed ogre
  6602 | D:8      | Reached skill level 5 in Dodging
  6602 | D:8      | Reached skill level 10 in Shields
  6854 | D:8      | Reached *** piety under Makhleb
  6922 | D:8      | Noticed a two-headed ogre
  6935 | D:8      | Killed a two-headed ogre
  7141 | D:9      | Noticed a two-headed ogre
  7155 | D:9      | Killed a two-headed ogre
  7155 | D:9      | Reached XP level 11. HP: 94/94 MP: 10/10
  7157 | D:9      | Found a shattered altar of Ashenzari.
  7157 | D:9      | Found a blossoming altar of Fedhas.
  7174 | D:9      | Reached skill level 12 in Long Blades
  7301 | D:9      | Found a staircase to the Orcish Mines.
  7405 | D:9      | Noticed letownia's ghost (journeyman VSFi)
  7424 | D:9      | Killed letownia's ghost
  7636 | Orc:1    | Entered Level 1 of the Orcish Mines
  7994 | Orc:2    | Entered Level 2 of the Orcish Mines
  7994 | Orc:2    | Found a roughly hewn altar of Beogh.
  7999 | Orc:2    | Noticed an orc sorcerer
  8370 | Orc:1    | Reached **** piety under Makhleb
  8514 | Orc:1    | Killed from afar by an orc wizard

Skill      XL: |  1  2  3  4  5  6  7  8  9 10 11 |
---------------+----------------------------------+-----
Fighting       | 4 5 6 7 8 |  8.3
Armour         | 4 5 6 8 |  8.7
Shields        | 4 5 6 7 9 10 11 | 11.8
Long Blades    | 3 4 5 6 8 10 11 12 | 12.4
Maces & Flails | 1 |  1.4
Dodging        | 1 2 4 5 |  5.3
Stealth        | 2 3 |  3.4
Invocations    | |  0.2

Action                   |  1- 3 |  4- 6 |  7- 9 | 10-12 || total
-------------------------+-------+-------+-------+-------++-------
Melee: Long sword        |    90 |    73 |     5 |       ||   168
       Headbutt          |    10 |    13 |    69 |   103 ||   195
       Falchion          |       |       |   296 |   409 ||   705
       Flail             |       |       |    24 |       ||    24
Invok: Lesser Servant of |       |       |       |     1 ||     1
  Use: Scroll            |     3 |       |     7 |     1 ||    11
       Potion            |     2 |     1 |     9 |     1 ||    13
 Stab: Sleeping          |       |       |     6 |       ||     6
       Distracted        |       |       |       |     1 ||     1
  Eat: Meat ration       |     1 |       |       |       ||     1
       Chunk             |       |       |     8 |     5 ||    13
       Bread ration      |       |       |     1 |     4 ||     5
Armor: Scale mail        |    23 |       |       |       ||    23
       Plate armour      |    39 |    37 |    37 |       ||   113
       Robe              |       |       |    34 |       ||    34
       Skin              |       |       |     1 |       ||     1
       Chain mail        |       |       |    29 |    93 ||   122
Dodge: Dodged            |    21 |    12 |    91 |    86 ||   210
Block: Shield            |    53 |    41 |   152 |   284 ||   530
       Rpst.: Long sword |     5 |     4 |       |       ||     9
       Falchion          |       |       |    25 |    12 ||    37
